 Dungeon Crawl Stone Soup version 0.31-a0-182-gc5ef74bbde (webtiles) character file.

Game seed: 3999606539986285413

554 qw the Chopper (level 7, 0/43 HPs)
             Began as a Gargoyle Fighter on June 21, 2023.
             Slain by a gnoll sergeant
             ... wielding a +3 trident of protection
              (2 damage)
             ... on level 5 of the Dungeon.
             The game lasted 00:02:14 (4136 turns).

qw the Chopper (Gargoyle Fighter)                   Turns: 4136, Time: 00:02:14

Health: 0/43       AC: 17    Str: 21    XL:     7   Next: 30%
Magic:  7/7        EV: 13    Int:  9    God:
Gold:   184        SH:  4    Dex:  9    Spells: 6/6 levels left

rFire   . . .        Y - +0 war axe
rCold   . . .        c - +0 buckler
rNeg    + . .        m - +0 chain mail
rPois   inf          (no helmet)
rElec   +            (no cloak)
rCorr   .            b - +1 pair of gloves
SInv    .            k - +0 pair of boots
Will    .....        (no amulet) Stlth
                     e - +5 ring of evasion
HPRegen 0.27/turn    (no ring)
MPRegen 0.10/turn

%: no passive effects
@: no status effects
A: sickness immunity, AC +4, negative energy resistance 1, electricity
resistance, torment resistance 1, petrification resistance
a: no special abilities


You were on level 5 of the Dungeon.
You visited 1 branch of the dungeon, and saw 5 of its levels.

You collected 184 gold pieces.


Innate Abilities, Weirdness & Mutations

You are immune to sickness and miasma.
Your stone body is resilient. (AC +4)
You are immune to poison.
You resist negative energy. (rN+)
You are resistant to electric shocks. (rElec)
You are resistant to unholy torment.
You are immune to petrification.


   Skills:
 - Level 4.1 Fighting
 + Level 6.6 Axes
 - Level 3.2 Armour
 - Level 1.0 Dodging
 - Level 3.2 Shields


You had 6 spell levels left.
You didn't know any spells.
Your spell library was empty.

Inventory:

Hand Weapons
 n - a +0 flail
 Y - a +0 war axe (weapon)
Armour
 b - a +1 pair of gloves (worn)
 c - a +0 buckler (worn)
 i - a +1 scale mail of fire resistance
 k - a +0 pair of boots (worn)
 m - a +0 chain mail (worn)
Jewellery
 e - a +5 ring of evasion (left hand)
Scrolls
 a - 2 scrolls of identify
Potions
 d - a potion of might
 f - a potion of haste
 g - a potion of enlightenment
 j - 2 potions of curing {unknown}
 l - a potion of attraction {unknown}

Dungeon Overview and Level Annotations

Branches:
Dungeon (5/15)
 Temple: D:4-7

Altars:

Annotations:
D:4 exclusion: iron imp
D:5 Blork the orc


Message History

You hit the gnoll.
The gnoll is heavily wounded.
You hit the gnoll sergeant but do no damage.
You block the gnoll sergeant's attack. The gnoll hits you with a +0 flail.
You hit the gnoll but do no damage.
The gnoll is heavily wounded.
You barely miss the gnoll sergeant. You block the gnoll sergeant's attack.
The gnoll misses you. The gnoll closely misses you.
The gnoll sergeant hits you but does no damage.
You hit the gnoll.
You kill the gnoll!
The gnoll sergeant blocks your attack.
Blork the orc screams, "I'll rip your head off!"
The gnoll sergeant hits you with a +3 trident of protection.
Blork the orc looks braver for a moment.
You hit the gnoll sergeant but do no damage.
The gnoll sergeant hits you but does no damage.
An orc comes into view. It is wielding a +0 hand axe.
The gnoll sergeant blocks your attack.
The gnoll sergeant hits you with a +3 trident of protection!
Blork the orc completely misses you.
You hit the gnoll sergeant.
The gnoll sergeant is lightly wounded.
The gnoll sergeant hits you with a +3 trident of protection.
Blork the orc barely misses you.
You hit the gnoll sergeant but do no damage.
The gnoll sergeant is lightly wounded.
The gnoll sergeant hits you with a +3 trident of protection.
Blork the orc gestures at you while chanting.
The puff of frost hits you but does no damage.
You block the gnoll sergeant's attack. The gnoll sergeant blocks your attack.
The gnoll sergeant is lightly wounded.
Blork the orc closely misses you. You block the gnoll sergeant's attack.
Blork the orc hits you from afar with a +0 halberd!
You closely miss the gnoll sergeant.
The gnoll sergeant is lightly wounded.
The gnoll sergeant hits you with a +3 trident of protection.
You die...

(............#
................
................
................
...........^....
[...............
......!..#######
.......)g#
.......@####
........(.># #####
.....o..##)####...#
.....o..#.........#
........#.........#
........#.........#
........#.........#
.$................#
#####............#


You could see Blork the orc, a gnoll sergeant and an orc.

Vanquished Creatures
  An ogre (D:4)
  2 hounds
  2 orc priests (D:4)
  Jessica (D:2)
  4 orc wizards
  An iguana (D:4)
  5 gnolls (D:5)
  5 adders
  A shadow imp (D:5)
  4 worms (D:3)
  2 dart slugs (D:3)
  12 orcs
  4 endoplasms
  4 giant cockroaches (D:3)
  7 goblins
  6 hobgoblins
  3 quokkas
  9 ball pythons
  6 bats
  2 frilled lizards (D:1)
  8 kobolds
  8 rats
97 creatures vanquished.

Notes
Turn   | Place    | Note
-------+----------+-------------------------------------------
     0 | D:1      | qw the Gargoyle Fighter began the quest for the Orb.
     0 | D:1      | Reached XP level 1. HP: 14/14 MP: 1/1
     0 | D:1      | 0 ||| qw: Version: 0.3-a-9-g12657ce
     0 | D:1      | 0 ||| qw: Game counter: 1628
     0 | D:1      | 0 ||| qw: Always use a shield: true
     0 | D:1      | 0 ||| qw: God list: Okawaru
     0 | D:1      | 0 ||| qw: Allow faded altars: false
     0 | D:1      | 0 ||| qw: Do Orc after D:15 true
     0 | D:1      | 0 ||| qw: Do second Lair branch before Depths: true
     0 | D:1      | 0 ||| qw: Lair rune preference: random
     0 | D:1      | 0 ||| qw: Plans: Normal, Zot:1-4, Slime:5, God:TSO, Crypt,
                  | Tomb, Abyss, Pan, Hells, Win
     0 | D:1      | 0 ||| PLANNING D:1-11
    39 | D:1      | Reached skill level 2 in Axes
   187 | D:1      | 187 ||| Stepping ~*~*~tactically~*~*~ (stealth).
   189 | D:1      | 189 ||| Stepping ~*~*~tactically~*~*~ (stealth).
   198 | D:1      | Reached XP level 2. HP: 19/19 MP: 2/2
   487 | D:1      | 487 ||| UPGRADING to +5 ring of evasion.
   488 | D:1      | 488 ||| READING 2 scrolls labelled ABUXKO RITRUUNN.
   489 | D:1      | 489 ||| READING scroll labelled RYLERE DAESHIN.
   494 | D:1      | 494 ||| READING 5 scrolls labelled LUERIT AMIUVUA.
   495 | D:1      | 495 ||| READING scroll labelled VAITHR YPRO.
   496 | D:1      | 496 ||| READING scroll labelled AMIYF JOXEYW.
   497 | D:1      | 497 ||| READING scroll labelled EGREHI JEIRITURICH.
   498 | D:1      | 498 ||| DROPPING 4 scrolls of fog.
   546 | D:2      | Reached skill level 3 in Axes
   585 | D:2      | 585 ||| DROPPING +0 club.
   607 | D:2      | Reached XP level 3. HP: 15/23 MP: 3/3
   706 | D:2      | Found a faded altar of an unknown god.
   814 | D:2      | Noticed Jessica
   815 | D:2      | 815 ||| Stepping ~*~*~tactically~*~*~ (hiding).
   823 | D:2      | Killed Jessica
   824 | D:2      | Reached skill level 4 in Axes
   824 | D:2      | Reached XP level 4. HP: 28/28 MP: 4/4
  1322 | D:2      | 1322 ||| UPGRADING to +1 scale mail of fire resistance.
  1332 | D:2      | 1332 ||| DROPPING +0 scale mail.
  1333 | D:2      | 1333 ||| READING scroll labelled SUAJYI RYAMODESSI.
  1334 | D:2      | 1334 ||| READING 3 scrolls of identify.
  1334 | D:2      | 1334 ||| IDENTIFYING purple potion
  1510 | D:3      | 1510 ||| Stepping ~*~*~tactically~*~*~ (hiding).
  1642 | D:3      | Reached XP level 5. HP: 32/32 MP: 5/5
  1761 | D:3      | 1761 ||| DROPPING +0 mace.
  2002 | D:3      | Reached skill level 5 in Axes
  2236 | D:3      | 2236 ||| Stepping ~*~*~tactically~*~*~ (hiding).
  2403 | D:3      | 2403 ||| UPGRADING to +0 pair of boots.
  2408 | D:3      | 2408 ||| UPGRADING to +0 chain mail.
  2418 | D:3      | 2418 ||| DROPPING +6 ring of intelligence.
  2419 | D:3      | 2419 ||| DROPPING ring of magical power.
  2420 | D:3      | 2420 ||| READING scroll labelled QUHICAMUED.
  2421 | D:3      | 2421 ||| READING scroll labelled SIMYEG COPROBB.
  2422 | D:3      | 2422 ||| READING 3 scrolls of identify.
  2422 | D:3      | 2422 ||| IDENTIFYING yellow potion
  2423 | D:3      | 2423 ||| DROPPING potion of brilliance.
  2510 | D:4      | Reached XP level 6. HP: 20/38 MP: 6/6
  2624 | D:4      | HP: 9/38 [orc priest/divine providence (16)]
  2625 | D:4      | 2625 ||| READING scroll of teleportation.
  2907 | D:4      | 2907 ||| Stepping ~*~*~tactically~*~*~ (stealth).
  2960 | D:4      | Reached skill level 6 in Axes
  3041 | D:4      | 3041 ||| UPGRADING to +1 pair of gloves.
  3046 | D:4      | 3046 ||| READING 2 scrolls of identify.
  3046 | D:4      | 3046 ||| IDENTIFYING viscous emerald potion
  3541 | D:4      | Reached skill level 1 in Dodging
  3541 | D:4      | Reached XP level 7. HP: 42/43 MP: 7/7
  3765 | D:5      | Entered Level 5 of the Dungeon
  3918 | D:5      | 3918 ||| Stepping ~*~*~tactically~*~*~ (stealth).
  3921 | D:5      | 3921 ||| Stepping ~*~*~tactically~*~*~ (hiding).
  3931 | D:5      | HP: 9/43 [gnoll sergeant/+3 trident of protection (4)]
  3932 | D:5      | 3932 ||| READING 2 scrolls of teleportation.
  3934 | D:5      | HP: 2/43 [gnoll sergeant/+3 trident of protection (8)]
  3935 | D:5      | Noticed Blork the orc
  3936 | D:5      | 3936 ||| READING scroll of teleportation.
  4113 | D:5      | 4113 ||| Stepping ~*~*~tactically~*~*~ (hiding).
  4135 | D:5      | HP: 2/43 [Blork the orc/+0 halberd (9)]
  4136 | D:5      | Slain by a gnoll sergeant

Levels and vault maps discovered:
D:1:      lightli_iron_boxes, layout_rooms
D:2:      layout_loops_cross, hellmonk_ecumenical_altar_pennies_from_heaven,
          uniq_jessica
D:3:      minmay_chambers_of_threes, layout_loops_ring, minivault_11,
          minmay_misc_feat_doors
D:4:      wander_river, layout_basic, demons_altar
D:5:      layout_basic, grunt_ministairs_7, uniq_grinder,
          uniq_crazy_yiuf_cottage, uniq_sigmund, uniq_blork_the_orc

Skill      XL: |  1  2  3  4  5  6 |
---------------+-------------------+-----
Axes           | 2 3 4 5 6 |  6.6
Fighting       | 4 |  4.1
Dodging        | 1 |  1.0
Armour         | |  3.2
Shields        | |  3.2

Action                     |  1- 3 |  4- 6 |  7- 9 || total
---------------------------+-------+-------+-------++-------
  Melee: War axe           |   114 |   234 |    54 ||   402
    Use: Scroll            |     6 |     7 |     2 ||    15
 Armour: Scale mail        |    55 |    56 |       ||   111
         Chain mail        |       |    43 |    30 ||    73
  Dodge: Dodged            |    94 |   116 |    34 ||   244
  Block: Buckler           |    20 |    32 |    15 ||    67

Table legend:
 A = Non-vault XP
 B = Vault XP
 C = Vault XP percentage of total XP
 D = Non-vault monster count
 E = Vault monster count
 F = Vault count percentage of total count
                 A         B        C        D         E       F
            +---------+---------+-------+---------+---------+-------
      Total |     716 |      76 |   9.6 |      84 |      13 |  13.4
            +---------+---------+-------+---------+---------+-------
        D:1 |      28 |       0 |   0.0 |      19 |       0 |   0.0
        D:2 |      72 |      37 |  33.9 |      13 |       1 |   7.1
        D:3 |     126 |      39 |  23.6 |      19 |      12 |  38.7
        D:4 |     317 |       0 |   0.0 |      21 |       0 |   0.0
        D:5 |     173 |       0 |   0.0 |      12 |       0 |   0.0
            +---------+---------+-------+---------+---------+-------
